 Dungeon Crawl Stone Soup version 0.27-a0-1228-gfd60fd639a (webtiles) character file.

Game seed: 7151577274549682432

1905 bilbop the Ruffian (level 8, 0/79 HPs)
             Began as a Troll Berserker on June 7, 2021.
             Was a Priest of Trog.
             Slain by an orc warrior
             ... wielding a +0 battleaxe
              (17 damage)
             ... on level 6 of the Dungeon.
             The game lasted 00:20:02 (4689 turns).

bilbop the Ruffian (Troll Berserker)                Turns: 4689, Time: 00:20:03

Health: 0/79       AC:  6    Str: 26    XL:     8   Next: 94%
Magic:  10/10      EV: 10    Int:  5    God:    Trog [***...]
Gold:   315        SH:  0    Dex:  9    Spells: 7/7 levels left

rFire    . . .     SeeInvis .     - Unarmed
rCold    . . .     Faith    .   (no shield)
rNeg     + + +     Spirit   .   B - +2 robe {rN+}
rPois    .         Reflect  .   (helmet restricted)
rElec    .         Harm     .   (no cloak)
rCorr    .         Rampage  .   (gloves unavailable)
Will     .....                  (boots unavailable)
Stlth    +.........             f - amulet of regeneration
HPRegen  2.23/turn              u - ring of positive energy
MPRegen  0.12/turn              A - ring of positive energy

@: about to teleport, on berserk cooldown, mesmerised, slowed, very slow
A: large, unfitting armour, claws 3, regeneration 1, shaggy fur 1, tough skin 1
a: Renounce Religion, Berserk, Trog's Hand


You were on level 6 of the Dungeon.
You worshipped Trog.
Trog was most pleased with you.
You visited 1 branch of the dungeon, and saw 6 of its levels.

You collected 315 gold pieces.

Inventory:

Hand Weapons
 b - a +1 hunting sling of flaming
 q - a +0 flail of protection
Missiles
 r - a throwing net
 y - 15 sling bullets
Armour
 B - a +2 robe of positive energy (worn)
Jewellery
 f - an amulet of regeneration (around neck)
 u - a ring of positive energy (left claw)
 A - a ring of positive energy (right claw)
Wands
 p - a wand of digging (6)
 t - a wand of paralysis (12)
Scrolls
 c - a scroll of magic mapping {unknown}
 d - 2 scrolls of teleportation
 g - 2 scrolls of fog
 m - a scroll of torment {unknown}
 v - a scroll of silence {unknown}
 w - a scroll of enchant armour {unknown}
 z - a scroll of noise {unknown}
Potions
 a - a potion of lignification {unknown}
 e - a potion of experience {unknown}
 h - a potion of cancellation {unknown}
 i - 2 potions of flight
 j - a potion of heal wounds {unknown}
 k - a potion of ambrosia {unknown}
 l - 2 potions of magic {unknown}
 n - a potion of brilliance {unknown}
 o - 2 potions of berserk rage {unknown}
 s - a potion of resistance {unknown}
 C - a potion of curing {unknown}


   Skills:
 + Level 4.6 Fighting
 + Level 2.9 Slings
 + Level 4.7 Dodging
 * Level 7.2 Unarmed Combat
 + Level 4.2 Invocations


You had 7 spell levels left.
You didn't know any spells.
Your spell library was empty.

Dungeon Overview and Level Annotations

Branches:
Dungeon (6/15)             Temple (0/1) D:4

Altars:
Gozag
Trog
Wu Jian
The Shining One

Shops:
D:1 *

Annotations:
D:5 1 runed translucent door, snackwell's ghost, novice SpBr
D:6 Maggie


Innate Abilities, Weirdness & Mutations

You are too large for most types of armour.
You have claws for hands.
Your natural rate of healing is unusually fast.
You are covered in fur. (AC +1)
You have tough skin. (AC +1)


Message History

An orc warrior is nearby!
You scratch the orc warrior but do no damage.
The orc warrior hits you with a +0 battleaxe!
You barely miss the orc warrior. The orc warrior barely misses you.
An orc comes into view. It is wielding a +0 club.
The orc warrior closely misses you.
The orc shouts!
You claw the orc warrior! You claw the orc warrior.
The orc warrior is heavily wounded.
You hear a shout! x2
The orc warrior barely misses you.
You barely miss the orc warrior.
The orc warrior is heavily wounded.
An orc comes into view. It is wielding a +0 flail.
Maggie the Vainglorious comes into view.
She is wielding a +0 morningstar.
Maggie shouts!
The orc closely misses you.
The orc warrior hits you with a +0 battleaxe!
The orc hits you but does no damage.
The orc warrior hits you with a +0 battleaxe!
The orc warrior hits you with a +0 battleaxe!
The orc barely misses you.
You scratch the orc warrior but do no damage.
The orc warrior is heavily wounded.
The orc barely misses you.
The orc warrior hits you with a +0 battleaxe!
The orc hits you with a +0 flail. The orc hits you with a +0 club.
You closely miss the orc warrior.
The orc warrior is heavily wounded.
The orc warrior hits you with a +0 battleaxe!
* * * LOW HITPOINT WARNING * * *
The orc barely misses you.
Maggie gestures wildly while chanting.
Maggie attempts to bespell you!
You are mesmerised by Maggie!
The orc misses you.
As you read the scroll of teleportation, it crumbles to dust.
You feel strangely unstable.
The orc warrior hits you with a +0 battleaxe!
You die...

.. ...........###'## ...
................. ....
......##.........
.....######+###.........
........................
####'##.................
#.................
#................. .
#@o....##...##....
....##oo....##...######
...@...............#
.....@.............#
......)............#
...................
.##..###+###..#...# #..
.####### +^.


You could see Maggie (mesmerising), an orc warrior and 2 orcs.

Vanquished Creatures
  Prince Ribbit (D:6)
  Edmund (D:4)
  Menkaure (D:5)
  Duvessa (D:5)
  A sky beast (D:5)
  A necrophage (D:6)
  A black bear (D:6)
  3 ogres
  Blork the orc (D:5)
  A bullfrog (D:6)
  Dowan (D:5)
  A wyvern skeleton (D:6)
  A howler monkey (D:5)
  5 hounds
  A centaur skeleton (D:5)
  5 iguanas
  Jessica (D:3)
  2 orc wizards (D:5)
  A hound skeleton (D:5)
  3 gnolls (D:2)
  6 adders
  3 worms
  3 dart slugs
  7 orcs
  7 bats
  7 endoplasms
  2 giant cockroaches
  6 hobgoblins
  5 jackals
  3 quokkas
  4 ball pythons
  4 frilled lizards
  10 goblins
  6 kobolds
  5 rats
111 creatures vanquished.

Notes
Turn   | Place    | Note
-------+----------+-------------------------------------------
     0 | D:1      | bilbop the Troll Berserker began the quest for the Orb.
     0 | D:1      | Reached XP level 1. HP: 22/22 MP: 0/0
   154 | D:1      | Found Vuaguum's General Store.
   225 | D:1      | Reached XP level 2. HP: 29/29 MP: 1/1
   243 | D:1      | Found a faded altar of an unknown god.
   793 | D:2      | Reached skill level 1 in Invocations
   807 | D:2      | Reached XP level 3. HP: 36/36 MP: 2/2
  1072 | D:2      | Reached XP level 4. HP: 26/44 MP: 2/4
  1525 | D:2      | Found a bloodstained altar of Trog.
  1645 | D:2      | Reached ** piety under Trog
  1844 | D:3      | Noticed Jessica
  1848 | D:3      | Killed Jessica
  2021 | D:3      | Found a glowing golden altar of the Shining One.
  2199 | D:3      | Found an opulent altar of Gozag.
  2278 | D:3      | Reached XP level 5. HP: 53/53 MP: 5/5
  2550 | D:4      | Noticed Edmund
  2553 | D:4      | Reached skill level 4 in Unarmed Combat
  2604 | D:4      | Killed Edmund
  2605 | D:4      | Reached skill level 1 in Slings
  2605 | D:4      | Reached XP level 6. HP: 61/61 MP: 6/6
  2733 | D:4      | Found a staircase to the Ecumenical Temple.
  2757 | D:4      | Found an ornate altar of the Wu Jian Council.
  3257 | D:4      | Reached *** piety under Trog
  3343 | D:4      | Reached skill level 5 in Unarmed Combat
  3343 | D:4      | Reached XP level 7. HP: 18/67 MP: 6/8
  3461 | D:5      | Entered Level 5 of the Dungeon
  3587 | D:5      | Noticed snackwell's ghost (novice SpBr)
  3597 | D:5      | Found a runed translucent door.
  3608 | D:5      | Noticed Menkaure
  3611 | D:5      | Killed Menkaure
  3949 | D:5      | Noticed Duvessa
  3950 | D:5      | Noticed Dowan
  3996 | D:5      | Killed Duvessa
  3997 | D:5      | Reached skill level 6 in Unarmed Combat
  3997 | D:5      | Reached XP level 8. HP: 48/78 MP: 9/9
  4000 | D:5      | Killed Dowan
  4131 | D:5      | Noticed Blork the orc
  4139 | D:5      | Killed Blork the orc
  4650 | D:6      | Noticed Prince Ribbit
  4659 | D:6      | Killed Prince Ribbit
  4660 | D:6      | Reached skill level 7 in Unarmed Combat
  4685 | D:6      | Noticed Maggie
  4689 | D:6      | Slain by an orc warrior

Illustrated notes

Levels and vault maps discovered:
D:1:      psy_arrival_whirlpool, layout_loops_ring, serial_shops, shop,
          shapermc_ecumenical_altar_venn
D:2:      layout_basic, basic_altar, st_stairs_1
D:3:      layout_loops_ring, nicolae_tso_carved_into_rock, grunt_gozag_statues,
          uniq_jessica
D:4:      layout_loops_ring, amcnicky_altar_gilded,
          minmay_temple_entry_enclosed_plants, roderic_three_in_a_row,
          roderic_lattice_a, hangedman_decor_points, uniq_edmund
D:5:      layout_gridville, hellmonk_ghost_happy_afterlife, fountainhead,
          chequers_jeans, minmay_splitting_lines, uniq_menkaure,
          uniq_blork_the_orc, uniq_duvessa
D:6:      layout_gridville, uniq_pikel, uniq_maggie, uniq_prince_ribbit1

Skill      XL: |  1  2  3  4  5  6  7  8 |
---------------+-------------------------+-----
Invocations    | 1 2 3 4 |  4.2
Dodging        | 3 4 |  4.7
Fighting       | 3 4 |  4.6
Unarmed Combat | 4 5 6 7 |  7.2
Slings         | 1 2 |  2.9

Action                   |  1- 3 |  4- 6 |  7- 9 || total
-------------------------+-------+-------+-------++-------
Melee: Unarmed           |    86 |   150 |   131 ||   367
       Punch             |     1 |     3 |     3 ||     7
Invok: Berserk           |       |     1 |     1 ||     2
       Trog's Hand       |       |       |     1 ||     1
  Use: Scroll            |       |       |     5 ||     5
 Stab: Sleeping          |     1 |     1 |       ||     2
Armor: Animal skin       |    32 |    38 |    18 ||    88
       Robe              |       |       |    14 ||    14
Dodge: Dodged            |    42 |    63 |    64 ||   169

Table legend: (Time is in decaauts)
 A = Elapsed time spent in this place.
 B = Non-inter-level travel time spent in this place.
 C = Inter-level travel time spent in this place.
 D = Time resting spent in this place.
 E = Time spent auto-exploring this place.
 F = Levels seen in this place.
 G = Mean time per level.
                   A        B        C        D        E       F      G
               +--------+--------+--------+--------+--------+-----+--------+
         Total |   4674 |   4438 |    236 |     80 |   3539 |   6 |  779.0 |
       Dungeon |   4674 |   4438 |    236 |     80 |   3539 |   6 |  779.0 |
               +--------+--------+--------+--------+--------+-----+--------+

Top non-repeatable levels by time:
     D:2: 1098 daAuts
     D:4: 972 daAuts
     D:5: 937 daAuts
     D:1: 740 daAuts
     D:3: 642 daAuts
     D:6: 284 daAuts
